 Dungeon Crawl Stone Soup version 0.31-a0-1236-gaa9e43cceb (webtiles) character file.

Game seed: 4376267795514558898

9662 MacCMillion the Cleaver (level 11, -2/89 HPs)
             Began as a Minotaur Fighter on Dec 15, 2023.
             Was an Elder of Okawaru.
             Slain by Snorg (3 damage)
             ... on level 10 of the Dungeon.
             The game lasted 00:20:28 (11975 turns).

MacCMillion the Cleaver (Minotaur Fighter)         Turns: 11975, Time: 00:20:28

Health: -2/89      AC: 10    Str: 30    XL:     11   Next: 26%
Magic:  15/15      EV: 11    Int:  5    God:    Okawaru [****..]
Gold:   637        SH:  4    Dex: 11    Spells: 10/10 levels left

rFire   . . .        U - +1 war axe (elec)
rCold   + . .        c - +0 buckler
rNeg    . . .        b - +0 scale mail
rPois   .            (helmet restricted)
rElec   .            t - scarf {repulsion}
rCorr   .            (no gloves)
SInv    .            (no boots)
Will    .....        Q - amulet of regeneration Stlth
                     v - +6 ring of strength
HPRegen 1.14/turn    C - ring of protection from cold
MPRegen 0.14/turn

%: repel missiles
@: no status effects
A: horns 2, retaliatory headbutt, iridescent scales 1, frail 1, sense
surroundings 1
a: Renounce Religion, Heroism, Finesse


You were on level 10 of the Dungeon.
You worshipped Okawaru.
Okawaru was greatly pleased with you.
You visited 2 branches of the dungeon, and saw 11 of its levels.
You also visited: Sewer.

You collected 637 gold pieces.

Inventory:

Hand Weapons
 a - a +0 war axe
 M - a +3 hand axe
 U - a +1 war axe of electrocution (weapon)
Missiles
 m - 4 javelins
 q - 6 atropa-tipped darts
 B - 4 boomerangs
 G - 12 poisoned darts (quivered)
 H - 4 throwing nets
Armour
 b - a +0 scale mail (worn)
 c - a +0 buckler (worn)
 t - a scarf of repulsion (worn)
Jewellery
 i - a +6 ring of intelligence
 v - a +6 ring of strength (left hand)
 C - a ring of protection from cold (right hand)
 N - an amulet of faith
 Q - an amulet of regeneration (around neck)
 R - a ring of see invisible
 S - an amulet of guardian spirit
 T - an amulet of the acrobat
Wands
 k - a wand of charming (4)
 n - a wand of polymorph (22)
 J - a wand of iceblast (10)
 L - a wand of digging (7)
Scrolls
 e - 4 scrolls of fog {unknown}
 f - a scroll of summoning
 g - 2 scrolls of teleportation
 h - a scroll of torment
 l - 5 scrolls of identify
 o - 3 scrolls of vulnerability {unknown}
 r - a scroll of enchant armour {unknown}
 y - a scroll of poison {unknown}
 D - 3 scrolls of blinking {unknown}
 E - a scroll of revelation {unknown}
 F - 2 scrolls of amnesia {unknown}
 I - 2 scrolls of fear {unknown}
Potions
 d - 2 potions of might
 j - 2 potions of degeneration
 p - 4 potions of haste
 s - 3 potions of enlightenment
 u - a potion of brilliance
 w - a potion of attraction
 x - a potion of resistance
 z - a potion of magic
 A - a potion of invisibility
 K - a potion of mutation
 O - a potion of curing {unknown}
 P - a potion of berserk rage


   Skills:
 + Level 9.9 Fighting
 + Level 13.3 Axes
 + Level 3.9 Throwing
 + Level 9.9 Armour
 - Level 3.0 Dodging
 - Level 4.0 Shields
 + Level 6.9 Invocations


You had 10 spell levels left.
You didn't know any spells.
Your spell library contained the following spells:

 Spells                   Type           Power      Damage    Failure   Level
 Magic Dart               Conj           0%         1d3       75%         1
 Ensorcelled Hibernation  Hex/Ice        0%         N/A       86%         2
 Jinxbite                 Hex            0%         N/A       86%         2
 Mephitic Cloud           Conj/Pois/Air  0%         N/A       98%         3
 Anguish                  Hex/Necr       0%         N/A       100%        4
 Summon Small Mammal      Summ           Unusable   N/A       N/A         1
 Call Imp                 Summ           Unusable   N/A       N/A         2
 Call Canine Familiar     Summ           Unusable   N/A       N/A         3
 Summon Guardian Golem    Hex/Summ       Unusable   N/A       N/A         3

Dungeon Overview and Level Annotations

Branches:
Dungeon (10/15)            Temple (1/1) D:5            Lair (0/5) D:8
    Orc (0/2) D:10          Sewer (visited)

Altars:
Ashenzari
Cheibriados
Dithmenos
Elyvilon
Fedhas
Gozag
Hepliaklqana
Kikubaaqudgha
Makhleb
Nemelex Xobeh
Okawaru
Qazlal
Ru
Sif Muna
Trog
Uskayaw
Vehumet
Wu Jian
Xom
Yredelemnul
Zin
The Shining One

Shops:
D:1 =   D:2 (   D:5 :   D:7 *   D:9 =

Annotations:
D:6 Sigmund
D:10 Amaemon, Snorg


Innate Abilities, Weirdness & Mutations

You have a pair of horns on your head.
You reflexively headbutt those who attack you in melee.
You are partially covered in iridescent scales. (AC +2)
You are frail. (-10% HP)
You passively map a small area around you.


Message History

a +0 dagger; a +0 robe; an orc skeleton You hit the orc.
You headbutt the orc.
You kill the orc!
You slice the orc!! Lightning courses through the orc!
You kill the orc!
Okawaru accepts your kill.
No target in view!
No target in view!
Items here: ))))) [[ ÷÷.
Things that are here:
a +0 whip; an orc skeleton An orc is nearby!
An orc is nearby!
An orc is nearby!
The orc shouts!
You hear a shout! x2
The orc shouts!
Snorg shouts!
Snorg goes berserk!
The orc hits you but does no damage.
You slash Snorg! You headbutt Snorg!
Snorg is lightly wounded.
You hit the orc but do no damage. The orc barely misses you.
You furiously retaliate!
You headbutt the orc, but do no damage. Snorg bites you! Snorg claws you! x2
You slash Snorg! Lightning courses through Snorg!!
Snorg is moderately wounded.
You hit the orc.
You kill the orc!
Okawaru accepts your kill.
You hit the orc. You block Snorg's attack. Snorg claws you! x2
The orc barely misses you.
You are too injured to fight recklessly!
You closely miss Snorg.
Snorg is moderately wounded.
You barely miss the orc. Snorg bites you but does no damage.
You block Snorg's attack. Snorg claws you!!
* * * LOW HITPOINT WARNING * * *
You block the orc's attack. Snorg bites you!
* * * LOW HITPOINT WARNING * * *
Snorg claws you but does no damage. Snorg claws you.
You die...

, * .......*#.......# ,
#.......##.......# *
##.......##.......#
*.'........'.......##
#.......##.......## ** *
,*,#...$...##.......## ,
, , #................##
,# #.)o.....########## ,
* #.#.@To.....oo))....' ,
, * #....################
,, '*
##.####.######..........
,
..)......))))...........
. *
##.......)####.#########
. *#........# #.......#
#* , #.?......#
#...###.### # * **
#........# #)..#...... #
..#
#.#........####÷..#......


You could see Snorg (berserk) and 2 orcs.

Vanquished Creatures
  2 two-headed ogres (D:9)
  A boulder beetle (D:9)
  A deep elf pyromancer (D:9)
  An efreet (D:9)
  A troll (D:9)
  Grinder (D:4)
  A wraith (D:9)
  5 yaks (D:10)
  A wyvern (D:9)
  2 steam dragons
  Menkaure (D:4)
  2 vampire mosquitoes (D:10)
  An acid dragon (D:9)
  3 water moccasins
  4 orc warriors
  2 black bears
  3 sky beasts
  An ice beast (D:5)
  5 centaurs
  3 bullfrogs
  Blork the orc (D:6)
  3 kobold brigands
  A brain worm (Sewer)
  6 scorpions (D:5)
  10 wights
  9 killer bees
  9 howler monkeys
  A gnoll bouda (D:5)
  4 jellies
  7 orc priests
  4 hounds
  3 sleepcaps (D:6)
  2 iguanas
  Natasha (thrice) (D:4)
  11 orc wizards
  4 gnolls (D:8)
  3 river rats
  10 adders
  A shadow imp (D:8)
  2 white imps
  6 ufetubi
  3 worms
  3 dart slugs
  37 orcs
  14 ball pythons
  14 bats
  5 endoplasms
  6 giant cockroaches
  7 goblins
  7 hobgoblins
  7 jackals
  5 quokkas
  6 frilled lizards
  18 kobolds
  7 rats
280 creatures vanquished.

Notes
Turn   | Place    | Note
-------+----------+-------------------------------------------
     0 | D:1      | MacCMillion the Minotaur Fighter began the quest for the
                  | Orb.
     0 | D:1      | Reached XP level 1. HP: 19/19 MP: 0/0
    65 | D:1      | Reached skill level 3 in Axes
    65 | D:1      | Reached XP level 2. HP: 21/26 MP: 1/1
   229 | D:1      | Found Hese's Jewellery Boutique.
   428 | D:1      | Found a faded altar of an unknown god.
   545 | D:2      | Found Dizo's Antique Weapon Shoppe.
   585 | D:2      | Reached skill level 4 in Axes
   587 | D:2      | Reached XP level 3. HP: 28/31 MP: 2/2
   721 | D:2      | Found a shadowy altar of Dithmenos.
  1650 | D:3      | Reached skill level 5 in Axes
  1650 | D:3      | Reached XP level 4. HP: 39/39 MP: 3/3
  1817 | D:3      | Found a glowing drain.
  1826 | Sewer    | Entered a sewer
  2369 | Sewer    | Noticed a brain worm
  2372 | Sewer    | Reached skill level 6 in Axes
  2377 | Sewer    | Killed a brain worm
  2378 | Sewer    | Reached XP level 5. HP: 41/45 MP: 2/4
  2478 | Sewer    | Reached skill level 7 in Axes
  2949 | D:3      | Found a sparkling altar of Nemelex Xobeh.
  3144 | D:4      | Noticed Grinder
  3146 | D:4      | Paralysed by Grinder for 3 turns
  3156 | D:4      | Killed Grinder
  3157 | D:4      | Reached skill level 8 in Axes
  3157 | D:4      | Reached XP level 6. HP: 24/51 MP: 5/5
  3307 | D:4      | Reached skill level 9 in Axes
  3513 | D:4      | Noticed Natasha
  3519 | D:4      | Killed Natasha
  3520 | D:4      | Reached XP level 7. HP: 57/57 MP: 6/6
  3585 | D:4      | Noticed Natasha
  3593 | D:4      | Killed Natasha
  3683 | D:4      | Noticed Natasha
  3690 | D:4      | Killed Natasha
  4027 | D:4      | Noticed Menkaure
  4034 | D:4      | Killed Menkaure
  4035 | D:4      | Reached skill level 10 in Axes
  4265 | D:5      | Entered Level 5 of the Dungeon
  4274 | D:5      | Reached skill level 1 in Dodging
  4303 | D:5      | Found Finwyirph's Book Boutique.
  4419 | D:5      | Reached XP level 8. HP: 32/67 MP: 7/7
  4704 | D:5      | Found a staircase to the Ecumenical Temple.
  4713 | D:5      | Identified the +1 robe "Vykanu" {Str+5}
  4738 | Temple   | Entered the Ecumenical Temple
  4755 | Temple   | Became a worshipper of Warmaster Okawaru
  5036 | D:5      | Reached skill level 5 in Fighting
  5036 | D:5      | Reached skill level 5 in Armour
  5046 | D:5      | Reached skill level 1 in Invocations
  5681 | D:6      | Reached * piety under Okawaru
  5822 | D:6      | Noticed Sigmund
  5967 | D:6      | Noticed Blork the orc
  5980 | D:6      | Gained mutation: You are frail. (-10% HP) [potion of
                  | mutation]
  5980 | D:6      | Gained mutation: You passively map a small area around you.
                  | [potion of mutation]
  5980 | D:6      | Gained mutation: You are partially covered in iridescent
                  | scales. (AC +2) [potion of mutation]
  5982 | D:6      | Killed Blork the orc
  5983 | D:6      | Reached skill level 11 in Axes
  5989 | D:6      | HP: 3/63 [poisoned by Blork the orc]
  6322 | D:7      | Reached XP level 9. HP: 66/67 MP: 10/10
  6432 | D:7      | Found Kiuduewk's Overcharged Wands.
  6849 | D:7      | Found a shimmering altar of Xom.
  7299 | D:7      | Found a hazy altar of Hepliaklqana.
  7500 | D:8      | Reached ** piety under Okawaru
  7742 | D:8      | Reached skill level 12 in Axes
  8086 | D:8      | Reached XP level 10. HP: 79/79 MP: 12/12
  8090 | D:8      | Reached skill level 5 in Invocations
  8287 | D:8      | Found a staircase to the Lair.
  8355 | D:8      | Found a glowing silver altar of Zin.
  8808 | D:9      | Noticed a deep elf pyromancer
  8822 | D:9      | Killed a deep elf pyromancer
  8824 | D:9      | Noticed a boulder beetle
  9156 | D:9      | Killed a boulder beetle
  9156 | D:9      | Reached *** piety under Okawaru
  9157 | D:9      | Reached skill level 1 in Throwing
  9869 | D:9      | Reached **** piety under Okawaru
  9882 | D:9      | Noticed a two-headed ogre
 10047 | D:9      | Killed a two-headed ogre
 10070 | D:9      | Noticed a two-headed ogre
 10078 | D:9      | Killed a two-headed ogre
 10079 | D:9      | Reached skill level 13 in Axes
 10169 | D:8      | Reached XP level 11. HP: 30/80 MP: 14/14
 10605 | D:9      | Found Uro Zago's Jewellery Shop.
 10731 | D:9      | Found a glowing golden altar of the Shining One.
 10738 | D:9      | Found a stormy altar of Qazlal.
 10741 | D:9      | Found a basalt altar of Yredelemnul.
 10741 | D:9      | Found a snail-covered altar of Cheibriados.
 10748 | D:9      | Found an ancient bone altar of Kikubaaqudgha.
 11051 | D:10     | Entered Level 10 of the Dungeon
 11257 | D:10     | Noticed Amaemon
 11282 | D:10     | Noticed Snorg
 11845 | D:10     | Found a staircase to the Orcish Mines.
 11975 | D:10     | HP: 1/89 [Snorg (16)]
 11975 | D:10     | Slain by Snorg

Illustrated notes

Levels and vault maps discovered:
D:1:      scummos_arrival_checkerplants, layout_rooms,
          dreamdust_ecumenical_altar_grove, serial_shops, shop,
          minmay_surrounded
D:2:      layout_basic, basic_altar, serial_shops,
          nicolae_shop_getting_attention
D:3:      layout_basic, mainiacjoe_overflow_six_doors_small,
          portal_sewer_entry_a
D:4:      layout_basic, kennysheep_generic_room_8, uniq_grinder, uniq_menkaure,
          uniq_natasha
D:5:      old_forge, layout_basic, minmay_temple_entry_mini_moons, serial_shops,
          shop, minmay_fractal_squares_gapless_5
D:6:      layout_loops_corners, st_stairs_13, chequers_serial_rivers_micro_c,
          uniq_sigmund, uniq_blork_the_orc
D:7:      layout_loops_ring, mainiacjoe_overflow_surrounded_room,
          lemuel_coloured_pillars_altar, nicolae_shop_overcharged_wands
D:8:      layout_loops_corners, mainiacjoe_overflow_24_doors, lair_entry_dummy,
          st_stairs_8, chequers_serial_rivers_micro_e, minmay_starry_boxes
D:9:      layout_small_grid, nicolae_overflow_hallway_of_the_gods, serial_shops,
          shop, minmay_misc_feat_alley, dk_vineyard_2, minmay_radiant
D:10:     layout_basic, orc_0_dummy, special_room [special_room_orc],
          uniq_snorg, uniq_amaemon
Temple:   oiseaux_autumnal_temple

Skill      XL: |  1  2  3  4  5  6  7  8  9 10 |
---------------+-------------------------------+-----
Axes           | 3 4 5 6 8 9 10 11 12 13 | 13.3
Shields        | 4 |  4.0
Fighting       | 4 6 8 9 |  9.9
Armour         | 4 6 8 9 |  9.9
Dodging        | 2 3 |  3.0
Invocations    | 2 4 6 |  6.9
Throwing       | 3 |  3.9

Action                     |  1- 3 |  4- 6 |  7- 9 | 10-12 || total
---------------------------+-------+-------+-------+-------++-------
  Melee: War axe           |    96 |   113 |   304 |   227 ||   740
         Headbutt          |    17 |    12 |    54 |    41 ||   124
  Throw: Dart              |       |       |       |    12 ||    12
         Boomerang         |       |       |       |     1 ||     1
 Invoke: Heroism           |       |       |     1 |     3 ||     4
         Finesse           |       |       |       |     1 ||     1
    Use: Scroll            |       |       |     8 |     2 ||    10
         Potion            |       |       |     3 |     2 ||     5
   Stab: Invisible         |       |       |       |     1 ||     1
 Armour: Scale mail        |    64 |    69 |   228 |   177 ||   538
  Dodge: Dodged            |    46 |    53 |   151 |   105 ||   355
         Repelled          |       |       |       |     2 ||     2
  Block: Buckler           |    31 |    23 |    77 |    61 ||   192

Table legend: (Time is in decaauts)
 A = Elapsed time spent in this place.
 B = Non-inter-level travel time spent in this place.
 C = Inter-level travel time spent in this place.
 D = Time resting spent in this place.
 E = Time spent auto-exploring this place.
 F = Levels seen in this place.
 G = Mean time per level.
                   A        B        C        D        E       F      G
               +--------+--------+--------+--------+--------+-----+--------+
         Total |  12234 |  11537 |    697 |   2867 |   6221 |  12 | 1019.5 |
       Dungeon |  11071 |  10380 |    691 |   2538 |   5787 |  10 | 1107.1 |
        Temple |     34 |     28 |      6 |      0 |      0 |   1 |   34.0 |
         Sewer |   1128 |   1128 |      0 |    329 |    434 |   1 | 1128.0 |
               +--------+--------+--------+--------+--------+-----+--------+

Top non-repeatable levels by time:
     D:8: 2211 daAuts
     D:9: 1616 daAuts
     D:6: 1273 daAuts
     D:4: 1243 daAuts
   Sewer: 1128 daAuts
     D:7: 983 daAuts
     D:2: 923 daAuts
     D:5: 878 daAuts
     D:3: 838 daAuts
    D:10: 566 daAuts
     D:1: 536 daAuts
  Temple: 34 daAuts
